 Dungeon Crawl Stone Soup version 0.23.2-1-ga50397a6bc (webtiles) character file.

Game seed: 3030472834934299919

144 Jukra the Covered (level 5, -11/47 HPs)
             Began as a Minotaur Fighter on May 12, 2019.
             Blown up by Ijyb (19 damage)
             ... with a wand of disintegration (14)
             ... on level 3 of the Dungeon.
             The game lasted 00:04:02 (1898 turns).

Jukra the Covered (Minotaur Fighter)                Turns: 1898, Time: 00:04:03

Health: -11/47     AC: 10    Str: 22    XL:     5   Next: 5%
Magic:  5/5        EV:  6    Int:  5    God:
Gold:   102        SH:  9    Dex:  9    Spells: 5/5 levels left

rFire    . . .     SeeInvis .   a - +0 long sword
rCold    . . .     Gourm    .   c - +0 shield
rNeg     . . .     Faith    .   n - +0 chain mail
rPois    .         Spirit   .   (helmet restricted)
rElec    .         Reflect  .   k - +0 cloak
rCorr    .         Harm     .   (no gloves)
MR       .....                  (no boots)
Stlth    ..........             (no amulet)
HPRegen  0.15/turn              (no ring)
MPRegen  0.09/turn              (no ring)

@: lethally poisoned (-11 -> -17)
A: retaliatory headbutt, horns 2
a: no special abilities


You were on level 3 of the Dungeon.
You were not hungry.

You visited 1 branch of the dungeon, and saw 3 of its levels.

You collected 102 gold pieces.

Inventory:

Hand Weapons
 a - a +0 long sword (weapon)
Armour
 b - a +0 scale mail
 c - a +0 shield (worn)
 k - a +0 cloak (worn)
 n - a +0 chain mail (worn)
Jewellery
 s - a +4 ring of dexterity {unknown}
Scrolls
 g - a scroll of fog {unknown}
 h - a scroll of teleportation {unknown}
 i - 2 scrolls of random uselessness {unknown}
 j - 3 scrolls of remove curse {unknown}
 l - a scroll of identify {unknown}
 m - a scroll of amnesia {unknown}
 o - 3 scrolls of immolation {unknown}
 r - a scroll of noise {unknown}
 w - a scroll of magic mapping {unknown}
Potions
 d - a potion of might
 e - a potion of heal wounds {unknown}
 p - 2 potions of curing {unknown}
 q - a potion of degeneration {unknown}
 t - a potion of berserk rage {unknown}
 v - 2 potions of magic {unknown}
Comestibles
 f - a ration


   Skills:
 + Level 4.4 Fighting
 + Level 3.9 Long Blades
 + Level 4.4 Armour
 + Level 0.3 Dodging
 + Level 4.4 Shields
 * Level 0.8 Spellcasting


You had 5 spell levels left.
You didn't know any spells.
Your spell library was empty.

Dungeon Overview and Level Annotations

Branches:
Dungeon (3/15)

Altars:

Annotations:
D:3 Ijyb


Innate Abilities, Weirdness & Mutations

You reflexively headbutt those who attack you in melee.
You have a pair of horns on your head.


Message History

You are blasted!
* * * LOW HITPOINT WARNING * * *
You block the jackal's attack.
You hit Ijyb but do no damage.
Ijyb is heavily wounded.
Ijyb zaps a wand.
You barely resist.
The jackal bites you but does no damage.
Ijyb hits you but does no damage.
You hit Ijyb. Your headbutt misses Ijyb.
Ijyb is severely wounded.
Ijyb hits you but does no damage.
You are poisoned.
The jackal bites you but does no damage.
You block Ijyb's attack.
The jackal bites you but does no damage.
You hit Ijyb.
Ijyb is almost dead.
You feel sick.
Ijyb zaps a wand.
You barely resist. You block the jackal's attack.
Ijyb zaps a wand.
You are blasted!
You die...

#....<............#
#.#####^..##.####.#
#..###....##.# .#
#.....##..#.# #
###.#####.... #(##
#.#..#
###.>##....##..
#.......#### #.
#@##.#### #gh#...#
...##.#..# ..... #.
#.# .[....# ## ##
.....≈ ..≈.≈≈
..≈≈≈≈


You could see Ijyb and a jackal.

Vanquished Creatures
  A howler monkey (D:3)
  6 adders (D:2)
  A worm (D:2)
  4 dart slugs
  A leopard gecko (D:2)
  A bat (D:1)
  2 giant cockroaches
  2 goblins
  6 hobgoblins
  5 jackals
  2 kobolds (D:1)
  7 ball pythons (D:2)
  2 frilled lizards (D:1)
  3 rats
43 creatures vanquished.

Notes
Turn   | Place    | Note
-------+----------+-------------------------------------------
     0 | D:1      | Jukra the Minotaur Fighter began the quest for the Orb.
     0 | D:1      | Reached XP level 1. HP: 19/19 MP: 0/0
    63 | D:1      | Reached XP level 2. HP: 18/27 MP: 1/1
   600 | D:2      | Reached XP level 3. HP: 17/33 MP: 2/2
  1550 | D:2      | Reached XP level 4. HP: 35/41 MP: 3/3
  1869 | D:3      | Reached XP level 5. HP: 45/47 MP: 3/5
  1889 | D:3      | Noticed Ijyb
  1898 | D:3      | Blown up by Ijyb

Skill      XL: |  1  2  3 |
---------------+----------+-----
Fighting       | 4 |  4.4
Shields        | 4 |  4.4
Armour         | 4 |  4.4
Long Blades    | 3 |  3.9
Dodging        | |  0.3
Spellcasting   | |  0.8

Action                   |  1- 3 |  4- 6 || total
-------------------------+-------+-------++-------
Melee: Long sword        |    86 |    40 ||   126
       Headbutt          |    11 |     8 ||    19
  Eat: Chunk             |     1 |     2 ||     3
Armor: Scale mail        |    21 |       ||    21
       Chain mail        |    12 |    23 ||    35
Dodge: Dodged            |    23 |     6 ||    29
Block: Shield            |    49 |    25 ||    74
       Rpst.: Long sword |     5 |     2 ||     7
